 Dungeon Crawl Stone Soup version 0.27.0-1-g7a089689b8 (webtiles) character file.

Game seed: 1847579432001702104

512 Anothat the Chopper (level 6, -1/58 HPs)
             Began as a Deep Dwarf Fighter on July 31, 2021.
             Slain by an ogre (16 damage)
             ... on level 4 of the Dungeon.
             The game lasted 00:06:51 (2682 turns).

Anothat the Chopper (Deep Dwarf Fighter)            Turns: 2682, Time: 00:06:51

Health: -1/58      AC:  6    Str: 22    XL:     6   Next: 99%
Magic:  3/3        EV:  7    Int:  8    God:
Gold:   90         SH: 14    Dex: 12    Spells: 5/5 levels left

rFire    . . .     SeeInvis .   a - +0 war axe
rCold    . . .     Faith    .   c - +0 kite shield
rNeg     . . .     Spirit   .   b - +0 scale mail
rPois    .         Reflect  +   (no helmet)
rElec    .         Harm     .   (no cloak)
rCorr    .         Rampage  .   (no gloves)
Will     .....                  (no boots)
Stlth    ..........             j - amulet of reflection
HPRegen  0.00/turn              (no ring)
MPRegen  0.08/turn              (no ring)

@: no status effects
A: damage resistance, heal wounds, sense surroundings 1, no regeneration
a: Heal Wounds


You were on level 4 of the Dungeon.
You visited 1 branch of the dungeon, and saw 4 of its levels.

You collected 90 gold pieces.

Inventory:

Hand Weapons
 a - a +0 war axe (weapon)
Armour
 b - a +0 scale mail (worn)
 c - a +0 kite shield (worn)
Jewellery
 h - an amulet of the acrobat
 j - an amulet of reflection (around neck)
 k - a ring of wizardry
 q - a +4 ring of protection
Wands
 d - a wand of flame (11)
 e - a wand of digging (1)
 o - a wand of charming (4)
Scrolls
 g - a scroll of noise {unknown}
 n - a scroll of vulnerability {unknown}
Potions
 i - a potion of brilliance
 m - a potion of curing
 p - a potion of attraction {unknown}


   Skills:
 + Level 4.5 Fighting
 * Level 6.7 Axes
 - Level 3.2 Armour
 - Level 3.2 Shields
 + Level 2.2 Evocations


You had 5 spell levels left.
You didn't know any spells.
Your spell library contained the following spells:

 Spells                   Type           Power      Damage    Failure   Level
 Animate Skeleton         Necr           0%         N/A       99%         1
 Apportation              Tloc           0%         N/A       99%         1
 Corona                   Hex            0%         N/A       99%         1
 Summon Small Mammal      Summ           0%         N/A       99%         1
 Frozen Ramparts          Ice            0%         1d2       100%        3
 Ice Form                 Ice/Tmut       0%         N/A       100%        4
 Summon Ice Beast         Ice/Summ       0%         N/A       100%        4


Dungeon Overview and Level Annotations

Branches:
Dungeon (4/15)
 Temple: D:4-7

Altars:

Shops:
D:4 [


Innate Abilities, Weirdness & Mutations

You are resistant to damage.
You can heal yourself by infusing magical energy.
You passively map a small area around you.
You do not regenerate.


Message History

m - a potion of curing
As you read the scroll of identify, it crumbles to dust.
l - a potion of heal wounds You feel much better.
A quokka comes into view.
A quokka is nearby!
You hit the quokka.
You kill the quokka!
No target in view!
You see here a quokka corpse.
Found a stone staircase leading down.
Found a +0 dagger.
An ogre comes into view. It is wielding a +0 giant club.
The ogre shouts!
The gnoll shouts!
Aiming: Charm
Press: ? - help, Shift-Dir - straight line, f - gnoll
Aim: a gnoll, wielding a +0 halberd (chance to affect: 62%)
The gnoll is charmed.
The ogre hits your gnoll with a +0 giant club!!
Your gnoll dies!
Okay, then.
Aiming: Throw Flame
Press: ? - help, Shift-Dir - straight line, f - ogre
Aim: an ogre, wielding a +0 giant club (86% to hit)
The puff of flame hits the ogre.
The ogre is lightly wounded.
You barely miss the ogre.
The ogre is lightly wounded.
You block the ogre's attack.
You slash the ogre!
The ogre is heavily wounded.
You block the ogre's attack.
You hit the ogre.
The ogre is heavily wounded.
The ogre hits you with a +0 giant club!!
* * * LOW HITPOINT WARNING * * *
You hit the ogre.
The ogre is severely wounded.
You block the ogre's attack. The ogre hits you with a +0 giant club!
You die...

.......,
.#....#....##......#
>.....
,...............###
......
.,.#.....####...#
....#* . #####.#
##..#* ....## #.
#..†# * .... ......
, #.# #...###...#..#
....#.. *
##..##........##.##
##.##..
##........##...# ..
##..... #......@.##
### # #....#
.......O.### ,
....## #......)...#,
e.### ,
#........#...... ..#
, ........##......
..#* ......>..#
....., , * .....
................
.......
.........##.....
....... ,..........*
....


You could see an ogre.

Vanquished Creatures
  Duvessa (D:4)
  Dowan (D:4)
  A scorpion (D:4)
  A gnoll shaman (D:3)
  A hound (D:4)
  An iguana (D:4)
  Terence (D:2)
  7 gnolls
  5 adders
  A dart slug (D:3)
  5 orcs
  9 ball pythons
  3 bats
  3 endoplasms
  2 giant cockroaches
  5 goblins
  7 hobgoblins
  6 jackals (D:1)
  A kobold (D:3)
  6 quokkas
  5 frilled lizards
  3 rats
75 creatures vanquished.

Vanquished Creatures (others)
  A gnoll (D:4)
1 creature vanquished.

Grand Total: 76 creatures vanquished

Notes
Turn   | Place    | Note
-------+----------+-------------------------------------------
     0 | D:1      | Anothat the Deep Dwarf Fighter began the quest for the Orb.
     0 | D:1      | Reached XP level 1. HP: 20/20 MP: 1/1
   103 | D:1      | Reached XP level 2. HP: 24/27 MP: 2/2
   129 | D:1      | Found a faded altar of an unknown god.
   158 | D:1      | Reached skill level 3 in Axes
   233 | D:1      | Reached XP level 3. HP: 21/34 MP: 3/3
   648 | D:2      | Reached skill level 4 in Axes
   651 | D:2      | Reached XP level 4. HP: 36/42 MP: 3/3
  1166 | D:2      | Noticed Terence
  1173 | D:2      | Killed Terence
  1441 | D:3      | Reached XP level 5. HP: 26/50 MP: 4/4
  1607 | D:3      | Reached skill level 5 in Axes
  1824 | D:4      | Noticed Duvessa
  1824 | D:4      | Noticed Dowan
  1911 | D:3      | Reached XP level 6. HP: 13/57 MP: 4/4
  2100 | D:4      | Found Hopnaosk's Antique Armour Boutique.
  2311 | D:4      | Reached skill level 6 in Axes
  2336 | D:4      | Killed Duvessa
  2337 | D:4      | Reached skill level 1 in Evocations
  2346 | D:4      | Killed Dowan
  2682 | D:4      | Slain by an ogre

Illustrated notes

Levels and vault maps discovered:
D:1:      dpeg_arrival_three_bigger_balls, layout_loops_ring,
          hellmonk_ecumenical_altar_lost_god, minmay_shallow_snake_nest
D:2:      layout_basic, uniq_terence
D:3:      layout_basic
D:4:      layout_cave_pools, serial_shops, nicolae_stop_n_shop_1, uniq_duvessa,
          uniq_ijyb

Skill      XL: |  1  2  3  4  5  6 |
---------------+-------------------+-----
Axes           | 3 4 5 6 |  6.7
Fighting       | 3 4 |  4.5
Evocations     | 2 |  2.2
Armour         | |  3.2
Shields        | |  3.2

Action                   |  1- 3 |  4- 6 || total
-------------------------+-------+-------++-------
Melee: War axe           |    62 |   178 ||   240
 Abil: Heal Wounds       |     2 |     3 ||     5
Evoke: Wand              |       |     5 ||     5
  Use: Scroll            |       |     3 ||     3
       Potion            |       |     2 ||     2
Armor: Scale mail        |    31 |    66 ||    97
Dodge: Dodged            |    17 |    56 ||    73
Block: Kite shield       |    37 |   166 ||   203
       Reflection        |       |     4 ||     4
